 Dungeon Crawl Stone Soup version bcrawl-1.29.2 (console) character file.

Game seed: 4210848860795192154

166959 GodsVoicemail the Conjurer (level 8, 0/52 HPs)
             Began as a Demonspawn Wizard on Feb 24, 2021.
             Was an Initiate of Gozag.
             Slain by a troll (9 damage)
             ... on level 7 of the Dungeon.
             The game lasted 00:51:49 (7744 turns).

GodsVoicemail the Conjurer (Demonspawn Wizard)      Turns: 7744, Time: 00:51:50

Health: 0/52       AC:  3    Str:  8    XL:     8   Next: 34%
Magic:  11/26      EV: 12    Int: 22    God:    Gozag
Gold:   824        SH:  0    Dex: 11    Spells: 8/19 levels left

rFire    . . .     SeeInvis .   a - +2 staff
rCold    . . .     Gourm    .   (no shield)
rNeg     . . .     Faith    .   b - +0 robe
rPois    .         Spirit   .   c - +0 hat
rElec    .         Reflect  .   (no cloak)
rCorr    .         Harm     .   p - +0 pair of gloves
MR       .....                  (no boots)
Stlth    ++........             (no amulet)
HPRegen  0.17/turn              k - ring of wizardry
MPRegen  0.20/turn              t - ring of magical power

@: gold aura
A: powered by death 2, powered by pain 1
a: Potion Petition, Call Merchant, Bribe Branch, Renounce Religion


You were on level 7 of the Dungeon.
You worshipped Gozag.
Gozag was pleased with you.
You were hungry.

You visited 1 branch of the dungeon, and saw 7 of its levels.

You collected 894 gold pieces.
You spent 30 gold pieces at shops.
You paid 40 gold pieces to Gozag.

Inventory:

Hand Weapons
 a - a +2 staff (weapon)
Missiles
 A - 336 poisoned needles
 D - 101 javelins (quivered)
Armour
 b - a +0 robe (worn)
 c - a +0 hat (worn)
 o - a +2 hat
 p - a +0 pair of gloves (worn)
Jewellery
 d - an uncursed ring of insulation
 k - a ring of wizardry (left hand)
 t - a ring of magical power (right hand)
 x - a +3 ring of protection
 y - an uncursed ring of flight
 E - a +8 ring of intelligence {unknown}
Wands
 u - a wand of digging (1)
 B - a wand of iceblast (3)
Scrolls
 g - 2 scrolls of magic mapping {unknown}
 i - 5 scrolls of identify
 l - 2 scrolls of amnesia
 m - 5 scrolls of teleportation
 v - a scroll of remove curse
Potions
 f - 3 potions of brilliance
 h - 4 potions of curing {unknown}
 j - 2 potions of agility
 n - a potion of resistance {unknown}
 q - a potion of mutation {unknown}
 r - a potion of ambrosia {unknown}
 s - a potion of magic {unknown}
 w - a potion of cancellation {unknown}
 z - 2 potions of might {unknown}
 C - 2 potions of degeneration {unknown}
 F - a potion of heal wounds {unknown}
Comestibles
 e - 18 rations {!d}


   Skills:
 - Level 1.7 Dodging
 - Level 2.0 Stealth
 * Level 6.1 Spellcasting
 * Level 6.7 Conjurations
 - Level 1.0 Summonings
 - Level 0.8 Translocations
 + Level 2.6 Fire Magic
 - Level 3.0 Air Magic


You had 8 spell levels left.
You knew the following spells:

 Your Spells              Type           Power        Failure   Level  Hunger
a - Magic Dart            Conj           ####         1%          1    None
b - Blink                 Tloc           N/A          4%          2    None
c - Call Imp              Summ           ##....       3%          2    None
d - Mephitic Cloud        Conj/Pois/Air  ###.....     2%          3    ##.....
e - Conjure Flame         Conj/Fire      ####....     1%          3    ##.....

Your spell library contained the following spells:

 Spells                   Type           Power        Failure   Level  Hunger
 Spider Form              Tmut/Pois      #..          11%         3    ##.....


Dungeon Overview and Level Annotations

Branches:
Dungeon (7/12)             Temple (0/1) D:5
   Lair: D:7-9

Altars:
Ashenzari
Elyvilon
Gozag
Lugonu
Makhleb
Okawaru
Qazlal
Uskayaw
Vehumet
Yredelemnul
Zin

Shops:
D:5 ?

Annotations:
D:4 exclusions: downstairs, orc warrior and 1 more exclusion, Grinder
D:5 exclusions: ice beast and 2 upstairs, Eustachio
D:6 exclusion: downstairs
D:7 exclusion: centaur


Innate Abilities, Weirdness & Mutations

You regenerate health from kills.
You sometimes gain a little power by taking damage.


Message History

Press: ? - help, Shift-Dir - straight line, f/p - troll
Aim: a troll (severely wounded, confused)
The magic dart hits the troll but does no damage.
The troll is severely wounded.
The troll seems less confused.
The troll completely misses you. The troll claws you!
The troll barely misses you.
Your crimson imp barely misses the troll.
Your crimson imp closely misses the troll.
Casting: Magic Dart (safe; 1% risk of failure)
Confirm with . or Enter, or press ? or * to list all spells.
Aiming: Magic Dart (safe; 1% risk of failure)
Press: ? - help, Shift-Dir - straight line, f/p - troll
Aim: a troll (severely wounded)
The magic dart hits the troll.
The troll is severely wounded.
The troll bites you! The troll claws you!
* * * LOW HITPOINT WARNING * * *
The troll claws you!
You die...
Your body crumbles into a pile of gold.

### ..# #.# #### ######.#
#... ......# #... #$##..#
#... ##.##..# ##.# #.5.#..##
##.# #...#@....#### ##...
###.T5###.[..#####.#.# ##5##
#............. #.#
#....#####.#.# #.# #.#.##
##... #.# #.#.# ##.#
#.########.####.#.#### ##.#
#.......................$...
######.########..######....


You could see a troll and 3 friendly crimson imps.

Vanquished Creatures
  An ice beast (D:7)
  An ogre (D:5)
  3 centaurs
  A water moccasin zombie (D:5)
  3 crimson imps
  A hound (D:7)
  A centaur skeleton (D:7)
  An orc wizard (D:4)
  2 iguanas
  2 worker ants
  Terence (D:2)
  A howler monkey zombie (D:5)
  4 adders
  3 oozes
  4 adder skeletons
  6 worms
  4 dart slugs
  A leopard gecko (D:3)
  8 orcs
  4 bats
  A giant cockroach (D:1)
  11 hobgoblins
  2 jackals (D:1)
  3 quokkas
  A ball python (D:1)
  5 frilled lizards
  6 goblins
  14 kobolds
  4 rats
99 creatures vanquished.

Vanquished Creatures (collateral kills)
  A hungry ghost (D:5)
  A crocodile (D:6)
  Duvessa (D:6)
  An ice beast (D:7)
  A centaur (D:7)
  A bullfrog (D:6)
  Dowan (D:6)
  A killer bee (D:7)
  2 worker ants (D:6)
  An adder skeleton (D:6)
11 creatures vanquished.

Vanquished Creatures (others)
  4 toadstools (D:6)
4 creatures vanquished.

Grand Total: 114 creatures vanquished

Notes
Turn   | Place    | Note
-------+----------+-------------------------------------------
     0 | D:1      | GodsVoicemail the Demonspawn Wizard began the quest for the
                  | Orb.
     0 | D:1      | Reached XP level 1. HP: 13/13 MP: 4/4
   128 | D:1      | Gained mutation: You regenerate a little health from kills.
                  | [demonic ancestry]
   128 | D:1      | Reached XP level 2. HP: 19/19 MP: 3/6
   131 | D:1      | Learned a level 2 spell: Blink
   134 | D:1      | Learned a level 2 spell: Call Imp
  1185 | D:1      | Reached XP level 3. HP: 22/24 MP: 4/7
  1405 | D:2      | Noticed Terence
  1595 | D:2      | Learned a level 3 spell: Mephitic Cloud
  1640 | D:2      | Found a white marble altar of Elyvilon.
  2121 | D:3      | Found a basalt altar of Yredelemnul.
  2132 | D:3      | Found a stormy altar of Qazlal.
  2246 | D:3      | Found an opulent altar of Gozag.
  2252 | D:3      | Became a worshipper of Gozag Ym Sagoz the Greedy
  2350 | D:3      | Found an iron altar of Okawaru.
  2401 | D:3      | Found a glowing silver altar of Zin.
  2575 | D:3      | Gained mutation: You sometimes gain a little power by
                  | taking damage. [demonic ancestry]
  2575 | D:3      | Reached XP level 4. HP: 30/30 MP: 3/8
  2641 | D:3      | Found a shattered altar of Ashenzari.
  2793 | D:3      | Reached skill level 1 in Air Magic
  3175 | D:4      | Found a radiant altar of Vehumet.
  3532 | D:4      | Found a burning altar of Makhleb.
  3623 | D:5      | Entered Level 5 of the Dungeon
  3645 | D:4      | Found a hide-covered altar of Uskayaw.
  3660 | D:5      | Noticed an ogre
  3680 | D:5      | Noticed a centaur
  3717 | D:5      | Reached XP level 5. HP: 35/35 MP: 10/10
  3732 | D:5      | Learned a level 3 spell: Conjure Flame
  3948 | D:4      | Noticed Grinder
  4173 | D:4      | Noticed an orc warrior
  4485 | D:5      | Found Jehof's Magic Scroll Emporium.
  4488 | D:5      | Bought a scroll of teleportation for 30 gold pieces
  4593 | D:5      | Noticed Eustachio
  4691 | D:5      | Found a corrupted altar of Lugonu.
  4691 | D:5      | Noticed an ice beast
  4710 | D:5      | Reached XP level 6. HP: 37/41 MP: 12/12
  4880 | D:3      | Found a faded altar of an unknown god.
  5085 | D:2      | Killed Terence
  5798 | D:5      | Found a staircase to the Ecumenical Temple.
  5828 | D:5      | Reached skill level 5 in Conjurations
  5945 | D:6      | Reached skill level 1 in Fire Magic
  5945 | D:6      | Reached XP level 7. HP: 40/46 MP: 14/14
  5998 | D:6      | Noticed a hungry ghost
  6250 | D:6      | Noticed Duvessa
  6251 | D:6      | Noticed Dowan
  6296 | D:6      | Killed Duvessa
  6297 | D:6      | Reached skill level 5 in Spellcasting
  6299 | D:6      | Killed Dowan
  6676 | D:5      | Killed a hungry ghost
  6774 | D:5      | Gained mutation: You regenerate health from kills. [demonic
                  | ancestry]
  6774 | D:5      | Reached XP level 8. HP: 38/52 MP: 15/16
  7732 | D:7      | Noticed a troll
  7744 | D:7      | Slain by a troll

Skill      XL: |  1  2  3  4  5  6  7  8 |
---------------+-------------------------+-----
Conjurations   | 2 3 4 5 6 |  6.7
Air Magic      | 1 2 3 |  3.0
Spellcasting   | 4 5 6 |  6.1
Fire Magic     | 1 2 |  2.6
Dodging        | |  1.7
Stealth        | |  2.0
Summonings     | |  1.0
Translocations | |  0.8

Action                   |  1- 3 |  4- 6 |  7- 9 || total
-------------------------+-------+-------+-------++-------
Melee: Falchion          |     4 |     2 |       ||     6
       Staff             |       |       |     4 ||     4
 Cast: Magic Dart        |   107 |   188 |    81 ||   376
       Blink             |     1 |     1 |       ||     2
       Mephitic Cloud    |     1 |       |     2 ||     3
       Call Imp          |       |    13 |    44 ||    57
       Conjure Flame     |       |     1 |     2 ||     3
Invok: Potion Petition   |       |       |     1 ||     1
  Use: Scroll            |       |       |     6 ||     6
 Stab: Confused          |     1 |       |       ||     1
  Eat: Chunk             |     7 |       |       ||     7
       Ration            |       |     4 |     2 ||     6
Armor: Robe              |     2 |     8 |    10 ||    20
Dodge: Dodged            |    21 |    38 |    30 ||    89
